 Dungeon Crawl Stone Soup version 0.28.0-53-g5a82cb258f (webtiles) character file.

Game seed: 3486071589012654202

815 DocClef the Shield-Bearer (level 7, -1/60 HPs)
             Began as a Gnoll Fighter on June 28, 2022.
             Killed from afar by a raiju (18 damage)
             ... with a living lightning
             ... on level 1 of the Abyss.
             The game lasted 00:03:45 (4250 turns).

DocClef the Shield-Bearer (Gnoll Fighter)           Turns: 4250, Time: 00:03:46

Health: -1/60      AC: 12    Str: 18    XL:     7   Next: 94%
Magic:  11/11      EV:  8    Int:  7    God:
Gold:   186        SH:  5    Dex: 11    Spells: 11/11 levels left

rFire   . . .      SeeInvis .   a - +0 flail
rCold   . . .      Faith    .   c - +0 buckler
rNeg    . . .      Spirit   .   m - +0 chain mail
rPois   +          Reflect  .   i - +0 hat
rElec   .          Harm     .   f - +1 cloak
rCorr   .          Rampage  .   (no gloves)
Will    +....                   (no boots)
Stlth   ..........              (no amulet)
HPRegen 0.20/turn               (no ring)
MPRegen 0.12/turn               (no ring)

@: no status effects
A: fangs 1, strong nose, distributed training, strong-willed 1, poison
resistance
a: no special abilities


You were on level 1 of the Abyss.
You visited 1 branch of the dungeon, and saw 4 of its levels.
You visited the Abyss 1 time.

You collected 186 gold pieces.

Inventory:

Hand Weapons
 a - a +0 flail (weapon)
Armour
 b - a +0 scale mail
 c - a +0 buckler (worn)
 f - a +1 cloak (worn)
 i - a +0 hat (worn)
 m - a +0 chain mail (worn)
Wands
 j - a wand of acid (9)
Scrolls
 g - 3 scrolls of teleportation
 h - a scroll of immolation {unknown}
 n - a scroll of identify
 o - a scroll of blinking {unknown}
Potions
 d - 2 potions of might
 e - a potion of attraction
 k - a potion of invisibility
 l - 2 potions of mutation


   Skills:
 + Level 7.1 Fighting
 + Level 2.8 Short Blades
 + Level 2.8 Long Blades
 + Level 2.8 Axes
 + Level 5.4 Maces & Flails
 + Level 2.8 Polearms
 + Level 2.8 Staves
 + Level 2.8 Slings
 + Level 2.8 Bows
 + Level 2.8 Crossbows
 + Level 2.8 Throwing
 + Level 7.1 Armour
 + Level 2.8 Dodging
 + Level 2.8 Stealth
 + Level 7.1 Shields
 + Level 2.8 Unarmed Combat
 + Level 2.8 Spellcasting
 + Level 2.2 Conjurations
 + Level 2.2 Hexes
 + Level 2.2 Summonings
 + Level 2.2 Necromancy
 + Level 2.2 Translocations
 + Level 2.2 Transmutations
 + Level 2.2 Fire Magic
 + Level 2.2 Ice Magic
 + Level 2.2 Air Magic
 + Level 2.2 Earth Magic
 + Level 2.2 Poison Magic
 + Level 3.1 Invocations
 + Level 2.8 Evocations


You had 11 spell levels left.
You didn't know any spells.
Your spell library contained the following spells:

 Spells                   Type           Power      Damage    Failure   Level
 Summon Small Mammal      Summ           16%        N/A       88%         1
 Call Canine Familiar     Summ           4%         N/A       99%         3
 Conjure Flame            Conj/Fire      4%         6-21      99%         3
 Ignite Poison            Fire/Tmut/Pois 4%         N/A       99%         3
 Summon Guardian Golem    Hex/Summ       4%         N/A       99%         3
 Tukima's Dance           Hex            4%         N/A       99%         3
 Passage of Golubria      Tloc           4%         N/A       100%        4
 Sticky Flame             Conj/Fire      4%         2d3       100%        4
 Yara's Violent Unravell  Hex/Tmut       2%         3d3       100%        5


Dungeon Overview and Level Annotations

Branches:
Dungeon (4/15)
 Temple: D:4-7

Altars:


Innate Abilities, Weirdness & Mutations

You have very sharp teeth.
Your uncanny sense of smell can sniff out nearby items.
Your experience applies equally to all skills.
You are strong-willed. (Will+)
Your system is resistant to poisons. (rPois)


Message History

The kobold is moderately wounded.
The kobold hits you with a +0 dagger. The kobold barely misses you.
You closely miss the kobold.
The kobold is moderately wounded.
The kobold hits you but does no damage.
You hit the kobold.
You kill the kobold!
The kobold throws a poisoned dart.
The poisoned dart hits you!
You barely miss the kobold. The kobold hits you but does no damage.
You blink.
Unknown command.
You barely miss the kobold. You block the kobold's attack.
You closely miss the kobold. The kobold completely misses you.
You hit the kobold.
The kobold is severely wounded.
The kobold hits you but does no damage. Space warps around you.
You closely miss the kobold.
The kobold is severely wounded.
The kobold hits you but does no damage. Space warps around you.
* * * LOW HITPOINT WARNING * * *
You closely miss the kobold.
The kobold is severely wounded.
The kobold hits you but does no damage. Space warps around you.
* * * LOW HITPOINT WARNING * * *
The kobold completely misses you.
You hit the kobold but do no damage.
The kobold is severely wounded.
The kobold hits you but does no damage.
You are cast into the Abyss!
This branch contains the abyssal rune of Zot.
A raiju comes into view.
Found a gateway leading out of the Abyss.
The raiju barks!
You hear a bark! x2
Okay, then.
A raiju comes into view.
The raiju barks!
A raiju comes into view.
Found a gateway leading deeper into the Abyss.
The raiju bursts into living lightning!
The living lightning hits you!!
You die...

#.#.#..## ..
#..#... .#
###..#..### #.#.#
............... #
### ###..#..####
#.# # ....###...#
.## .
.......##.##.# ..
#...#.#....# .
#..@.##..#
#..#..##.#
#......h.h.
...#........h
................#
##.#....###...#..
#..####. .......#
> # # ##.##∩.#


You could see a raiju.

Vanquished Creatures
  The ghost of SuperSeabass the Cudgeller, a novice BaAK of Lugonu (D:4)
  A kobold brigand (D:4)
  3 scorpions (D:4)
  2 jellies (D:4)
  3 orc wizards (D:4)
  6 adders
  4 worms
  2 dart slugs
  7 orcs
  6 ball pythons
  3 bats
  5 endoplasms
  6 giant cockroaches
  5 goblins
  7 hobgoblins
  A jackal (D:1)
  4 quokkas
  3 frilled lizards
  4 kobolds
  8 rats
81 creatures vanquished.

Vanquished Creatures (others)
  A fungus (D:4)
  3 plants (D:4)
4 creatures vanquished.

Grand Total: 85 creatures vanquished

Notes
Turn   | Place    | Note
-------+----------+-------------------------------------------
     0 | D:1      | DocClef the Gnoll Fighter began the quest for the Orb.
     0 | D:1      | Reached XP level 1. HP: 23/23 MP: 1/1
   196 | D:1      | Found a faded altar of an unknown god.
   213 | D:1      | Reached XP level 2. HP: 11/29 MP: 2/2
  1051 | D:2      | Reached XP level 3. HP: 35/35 MP: 3/3
  1271 | D:2      | Reached skill level 1 in Invocations
  1371 | D:2      | Reached skill level 1 in Short Blades
  1371 | D:2      | Reached skill level 1 in Long Blades
  1371 | D:2      | Reached skill level 1 in Axes
  1371 | D:2      | Reached skill level 1 in Polearms
  1371 | D:2      | Reached skill level 1 in Staves
  1371 | D:2      | Reached skill level 1 in Slings
  1371 | D:2      | Reached skill level 1 in Bows
  1371 | D:2      | Reached skill level 1 in Crossbows
  1371 | D:2      | Reached skill level 1 in Throwing
  1371 | D:2      | Reached skill level 1 in Dodging
  1371 | D:2      | Reached skill level 1 in Stealth
  1371 | D:2      | Reached skill level 1 in Unarmed Combat
  1371 | D:2      | Reached skill level 1 in Spellcasting
  1371 | D:2      | Reached skill level 1 in Evocations
  1486 | D:2      | Reached XP level 4. HP: 38/41 MP: 5/5
  1979 | D:3      | Reached skill level 1 in Conjurations
  1979 | D:3      | Reached skill level 1 in Hexes
  1979 | D:3      | Reached skill level 1 in Summonings
  1979 | D:3      | Reached skill level 1 in Necromancy
  1979 | D:3      | Reached skill level 1 in Translocations
  1979 | D:3      | Reached skill level 1 in Transmutations
  1979 | D:3      | Reached skill level 1 in Fire Magic
  1979 | D:3      | Reached skill level 1 in Ice Magic
  1979 | D:3      | Reached skill level 1 in Air Magic
  1979 | D:3      | Reached skill level 1 in Earth Magic
  1979 | D:3      | Reached skill level 1 in Poison Magic
  2809 | D:4      | Gained mutation: You are strong-willed. (Will+) [potion of
                  | mutation]
  2809 | D:4      | Gained mutation: Your system is resistant to poisons.
                  | (rPois) [potion of mutation]
  2894 | D:4      | Reached XP level 5. HP: 47/47 MP: 6/6
  3112 | D:4      | Reached XP level 6. HP: 31/53 MP: 8/8
  3249 | D:4      | Reached skill level 5 in Maces & Flails
  3631 | D:4      | Found a runed translucent gate.
  3631 | D:4      | Noticed SuperSeabass's ghost (novice BaAK)
  3632 | D:4      | Found a runed translucent gate.
  3633 | D:4      | Found a runed translucent gate.
  3821 | D:4      | Reached XP level 7. HP: 41/59 MP: 10/10
  4220 | D:4      | Killed SuperSeabass's ghost
  4234 | D:4      | Cast into level 1 of the Abyss (kobold)
  4244 | Abyss:1  | Noticed a raiju
  4245 | Abyss:1  | Noticed a raiju
  4247 | Abyss:1  | Noticed a raiju
  4250 | Abyss:1  | Killed from afar by a raiju

Illustrated notes

Levels and vault maps discovered:
D:1:      dpeg_arrival_brainrot, layout_loops_ring,
          hellmonk_ecumenical_altar_inner_sanctum
D:2:      wad_crossroads, layout_rooms
D:3:      layout_basic
D:4:      minmay_door_path, layout_loops_corners, gammafunk_ghost_nasty_kobolds,
          minmay_misc_feat_pillars, chequers_serial_rivers_micro_b
Abyss:1:  base:
D:1

Skill      XL: |  1  2  3  4  5  6  7 |
---------------+----------------------+-----
Invocations    | 1 2 3 |  3.1
Short Blades   | 1 2 |  2.8
Long Blades    | 1 2 |  2.8
Axes           | 1 2 |  2.8
Polearms       | 1 2 |  2.8
Staves         | 1 2 |  2.8
Slings         | 1 2 |  2.8
Bows           | 1 2 |  2.8
Crossbows      | 1 2 |  2.8
Throwing       | 1 2 |  2.8
Dodging        | 1 2 |  2.8
Stealth        | 1 2 |  2.8
Unarmed Combat | 1 2 |  2.8
Spellcasting   | 1 2 |  2.8
Evocations     | 1 2 |  2.8
Conjurations   | 1 2 |  2.2
Hexes          | 1 2 |  2.2
Summonings     | 1 2 |  2.2
Necromancy     | 1 2 |  2.2
Translocations | 1 2 |  2.2
Transmutations | 1 2 |  2.2
Fire Magic     | 1 2 |  2.2
Ice Magic      | 1 2 |  2.2
Air Magic      | 1 2 |  2.2
Earth Magic    | 1 2 |  2.2
Poison Magic   | 1 2 |  2.2
Maces & Flails | 5 |  5.4
Fighting       | 7 |  7.1
Armour         | 7 |  7.1
Shields        | 7 |  7.1

Action                   |  1- 3 |  4- 6 |  7- 9 || total
-------------------------+-------+-------+-------++-------
Melee: Flail             |    98 |   175 |    46 ||   319
       Bite              |     9 |    12 |     5 ||    26
  Use: Scroll            |     3 |       |       ||     3
       Potion            |     1 |     1 |       ||     2
Armor: Scale mail        |    35 |    15 |       ||    50
       Chain mail        |       |    60 |    23 ||    83
Dodge: Dodged            |    49 |    44 |     9 ||   102
Block: Buckler           |    20 |    40 |     4 ||    64
